 Dungeon Crawl Stone Soup version 0.30-a0-169-g06f667207d (webtiles) character file.

Game seed: 16452544263282722078

367 Decritt the Trooper (level 7, 0/54 HPs)
             Began as a Djinni Conjurer on Sept 30, 2022.
             Slain by a gnoll
             ... wielding a +2 halberd of venom
             ... led by a gnoll bouda
              (12 damage)
             ... on level 4 of the Dungeon.
             The game lasted 00:05:21 (4484 turns).

Decritt the Trooper (Djinni Conjurer)               Turns: 4484, Time: 00:05:21

Health: 0/54       AC:  2    Str: 11    XL:     7   Next: 1%
Gold:   225        EV: 12    Int: 22    God:
                   SH:  0    Dex: 11

rFire   + + .      SeeInvis .    p - +7 quarterstaff "Lussyo" {speed, rElec Str+5}
rCold   . . .      Faith    .    (shield currently unavailable)
rNeg    . . .      Spirit   .    a - +0 robe
rPois   ∞          Reflect  .    (no helmet)
rElec   +          Harm     .    (no cloak)
rCorr   +          Rampage  .    (no gloves)
Will    .....                    (boots unavailable)
Stlth   ++........               (no amulet)
HPRegen 0.18/turn                f - ring of resist corrosion
MPRegen 0.00/turn                k - ring of protection from cold

@: weakened, flying, unable to drink
A: sickness immunity, fire resistance 2, cold vulnerability 1, float, innate
caster, HP casting, extra vitality 1, sense surroundings 1, inability to drink
after injury 1
a: no special abilities


You were on level 4 of the Dungeon.
You visited 1 branch of the dungeon, and saw 4 of its levels.

You collected 225 gold pieces.

Inventory:

Hand Weapons
 p - the +7 quarterstaff "Lussyo" (weapon) {speed, rElec Str+5}
   (You took it off a goblin on level 4 of the Dungeon)

   Attacks with this weapon are significantly faster.
   Str:       It affects your strength (+5).
   rElec:     It insulates you from electricity.
Armour
 a - a +0 robe (worn)
Magical Staves
 h - a staff of earth
Jewellery
 f - a ring of resist corrosion (left hand)
 k - a ring of protection from cold (right hand)
Wands
 j - a wand of polymorph (3)
Scrolls
 b - 5 scrolls of teleportation {unknown}
 c - 3 scrolls of identify {unknown}
 e - 2 scrolls of amnesia {unknown}
 m - a scroll of summoning {unknown}
 n - a scroll of blinking {unknown}
 o - a scroll of enchant armour {unknown}
Potions
 d - a potion of degeneration {unknown}
 g - a potion of might {unknown}
 i - 2 potions of attraction {unknown}
 l - a potion of mutation


   Skills:
 * Level 5.2 Fighting
 - Level 2.1 Dodging
 - Level 1.5 Stealth
 + Level 4.3 Spellcasting


You couldn't memorise any spells.
You knew the following spells:

 Your Spells              Type           Power      Damage    Failure   Level
a - Magic Dart            Conj           96%        1d7       1%          1
b - Searing Ray           Conj           48%        2d6       2%          2
c - Dazzling Flash        Conj/Hex       48%        N/A       5%          3
d - Fulminant Prism       Conj/Hex       12%        3d9       19%         4
e - Iskenderun's Mystic   Conj/Tloc      24%        2d7       19%         4
f - Shock                 Conj/Air       96%        1d9       1%          1
g - Static Discharge      Conj/Air       48%        2-4/arc   2%          2
h - Kindle Blastsparks    Fire/Tloc/Air  48%        2d14      5%          3
Your spell library was empty.

Dungeon Overview and Level Annotations

Branches:
Dungeon (4/15)
 Temple: D:4-7

Altars:


Innate Abilities, Weirdness & Mutations

You are immune to sickness and miasma.
You are immune to poison.
Your flesh is very heat resistant. (rF++)
You are vulnerable to cold. (rC-)
You float through the air rather than walking.
You learn spells naturally, not from books.
Your magical power is your life essence.
You have superior vitality. (+4 MHP)
You passively map a small area around you.
You occasionally lose the ability to drink potions when taking damage.


Message History

The gnoll bouda is moderately wounded.
The searing ray hits the gnoll!
The gnoll is severely wounded.
The gnoll bouda calls upon its god to heal the gnoll.
The gnoll is healed somewhat.
You hit the gnoll bouda.
The gnoll bouda is moderately wounded.
The gnoll barely misses you.
The gnoll bouda barks out a call to the hunt!
The gnolls pick up the pace!
You barely miss the gnoll bouda.
The gnoll bouda is moderately wounded.
The gnoll hits you from afar with a +2 halberd of venom!
The gnoll bouda gazes fiercely through you!
You feel as though you will be weak longer.
The gnoll bouda hits you with a +0 whip.
You hit the gnoll bouda.
The gnoll bouda is heavily wounded.
The gnoll closely misses you. The gnoll bouda barely misses you.
You barely miss the gnoll bouda.
The gnoll bouda is heavily wounded.
The gnoll closely misses you. The gnoll bouda closely misses you.
You barely miss the gnoll bouda.
The gnoll bouda is heavily wounded.
The gnoll hits you from afar with a +2 halberd of venom!
* * * LOW HITPOINT WARNING * * *
The gnoll bouda gazes fiercely through you!
You feel as though you will be weak longer.
The gnoll bouda closely misses you.
You sock the gnoll bouda!
You kill the gnoll bouda!
You have reached level 7!
The power to cast Kindle Blastsparks wells up from within.
Spell assigned to 'h'.
It was a potion of mutation.
You feel extremely strange.
You occasionally lose the ability to drink potions when taking damage.
You feel a strange attunement to the structure of the dungeons.
The gnoll hits you from afar with a +2 halberd of venom!
You feel threatened and lose the ability to drink potions!
You die...

* ###
#####.#####.##
* *
#............#
#.###...####.
** , #.# ##.##
###. ,, #.#
#.#####..... *
#)#
#....#......
#)#
####.#....# .
#@# #.#....#.#
* * #)#
#.#...... * ,
#g# #.#....###
* #g#*
#.######.. #..
#.....# .# ,
*###* ,
#####.##.# * ,
, ####.##.# *
* * #..#.#...
###.#..#...


You could see 2 gnolls.

Vanquished Creatures
  3 scorpions
  A gnoll bouda (D:4)
  6 gnolls
  5 adders
  A worm (D:2)
  A dart slug (D:4)
  An orc (D:4)
  10 ball pythons
  5 endoplasms
  A giant cockroach (D:3)
  10 hobgoblins
  2 jackals (D:4)
  4 kobolds
  3 quokkas (D:1)
  5 bats
  6 goblins
  6 rats
70 creatures vanquished.

Vanquished Creatures (others)
  3 fungi (D:3)
3 creatures vanquished.

Grand Total: 73 creatures vanquished

Notes
Turn   | Place    | Note
-------+----------+-------------------------------------------
     0 | D:1      | Decritt the Djinni Conjurer began the quest for the Orb.
     0 | D:1      | Decritt set off with the following spells memorised: Magic
                  | Dart, Searing Ray, Dazzling Flash, Fulminant Prism,
                  | Iskenderun's Mystic Blast.
     0 | D:1      | Reached XP level 1. HP: 15/15 MP: 0/0
   259 | D:1      | Reached skill level 1 in Fighting
   260 | D:1      | Reached XP level 2. HP: 19/22 MP: 0/0
  1068 | D:1      | Reached XP level 3. HP: 27/28 MP: 0/0
  1068 | D:1      | Learned a level 1 spell: Shock
  1314 | D:2      | Reached skill level 2 in Fighting
  1452 | D:2      | Noticed a scorpion
  1462 | D:2      | Killed a scorpion
  1463 | D:2      | Reached skill level 3 in Fighting
  1463 | D:2      | Reached XP level 4. HP: 8/35 MP: 0/0
  2775 | D:3      | Reached XP level 5. HP: 36/40 MP: 0/0
  2775 | D:3      | Learned a level 2 spell: Static Discharge
  3160 | D:3      | Reached skill level 4 in Fighting
  3353 | D:3      | Found a faded altar of an unknown god.
  3633 | D:4      | Reached XP level 6. HP: 45/47 MP: 0/0
  4320 | D:4      | Identified the +7 quarterstaff "Lussyo" {speed, rElec
                  | Str+5}
  4367 | D:4      | Reached skill level 5 in Fighting
  4484 | D:4      | Reached XP level 7. HP: 12/54 MP: 0/0
  4484 | D:4      | Learned a level 3 spell: Kindle Blastsparks
  4484 | D:4      | Gained mutation: You occasionally lose the ability to drink
                  | potions when taking damage. [potion of mutation]
  4484 | D:4      | Gained mutation: You passively map a small area around you.
                  | [potion of mutation]
  4484 | D:4      | Slain by a gnoll

Illustrated notes

Levels and vault maps discovered:
D:1:      minmay_arrival_glassed_features, layout_loops_ring, serial_park_tiny_2
D:2:      layout_basic
D:3:      layout_rooms, shapermc_ecumenical_altar_ellora, minmay_misc_feat_cross
D:4:      layout_loops_ring, serial_co_window_serial, co_window_paths_a,
          co_window_cross_1, co_window_corner_a, co_window_corner_a,
          co_window_paths_a, co_window_corner_b, co_window_unsneaky_path_d,
          co_window_of_opportunity_b, co_window_2corner,
          co_window_of_opportunity_b, glass_columns_c, glass_columns_a,
          moated_statue

Skill      XL: |  1  2  3  4  5  6 |
---------------+-------------------+-----
Fighting       | 1 3 4 5 |  5.2
Spellcasting   | 4 |  4.3
Dodging        | |  2.1
Stealth        | |  1.5

Action                   |  1- 3 |  4- 6 |  7- 9 || total
-------------------------+-------+-------+-------++-------
Melee: Staff             |       |     5 |       ||     5
       Quarterstaff      |       |    12 |       ||    12
 Cast: Magic Dart        |    66 |   109 |       ||   175
       Searing Ray       |       |     3 |       ||     3
  Use: Potion            |       |       |     1 ||     1
Armor: Robe              |     1 |     2 |       ||     3
Dodge: Dodged            |     6 |    18 |       ||    24

Table legend: (Time is in decaauts)
 A = Elapsed time spent in this place.
 B = Non-inter-level travel time spent in this place.
 C = Inter-level travel time spent in this place.
 D = Time resting spent in this place.
 E = Time spent auto-exploring this place.
 F = Levels seen in this place.
 G = Mean time per level.
                   A        B        C        D        E       F      G
               +--------+--------+--------+--------+--------+-----+--------+
         Total |   4480 |   4378 |    102 |    958 |   3052 |   4 | 1120.0 |
       Dungeon |   4480 |   4378 |    102 |    958 |   3052 |   4 | 1120.0 |
               +--------+--------+--------+--------+--------+-----+--------+

Top non-repeatable levels by time:
     D:2: 1413 daAuts
     D:1: 1259 daAuts
     D:4: 906 daAuts
     D:3: 901 daAuts
